[Event "Allsvenskan Div II 5 2022/2023: Molndals SK - Ostra Skaraborgsalliansen"]
[Site "Schackcentrum, Vegatan 20, Gothenburg, Sweden"]
[Date "2023.02.05"]
[Round "1.1"]
[White "Hakanson, Josef"]
[Black "Karlzen, Henrik"]
[Result "1/2-1/2"]
[TimeControl "90 minutes for 40 moves + 30 minutes for the rest of the game + 30 seconds per move from move one."]
[WhiteFideId "1717910"]
[BlackFideId "1709380"]
[WhiteElo "2141"]
[BlackElo "2173"]

1. e4 e6 2. d4 d5 3. Nd2 Nf6 4. e5 Nfd7 5. Bd3 c5 6. c3 Nc6 7. Ne2 cxd4 8.
cxd4 f6 9. exf6 Nxf6 10. O-O Bd6 11. Nf3 O-O 12. Bf4 Bxf4 13. Nxf4 Ne4 14. Qc1 Ng5 15. Nxg5 Qxg5 16. Ne2 Qxc1 17.
Raxc1 a6 18. a3 Bd7 19. Rc5 h6 20. Rfc1 g5 21. f3 Kf7 22. Kf2 Ke7 23. Bc2 Kd6 24. Rc3 Rac8 25. h4 Na7 26.
hxg5 hxg5 27. Ke3 Rxc3+ 28. Nxc3 Rh8 29. Bb3 Rh2 30. Kf2 Nc6 31. Rd1 Rh4 32. Ke3 Be8 33. Ba4 b5 34. Bc2 b4 35.
axb4 Nxb4 36. Bd3 e5 37. dxe5+ Kxe5 38. Kf2 Nxd3+ 39. Rxd3 d4 40. Ne4 Bg6 41. Ra3 Bxe4 42. fxe4 Rf4+ 43. Ke2 Rxe4+ 44. Kf3 g4+ 45. Kf2 Kd5 46. Rxa6 Kc4 47. Ra3 Re8 48. Rg3 d3 49. Rxg4+ Kb3 50. Rd4 Kc2 51. g4 d2 52. Kf3 Rf8+ 53. Ke4 Rb8 54. Kf5 Rb5+ 55. Kf6 Rb4 56. Rxd2+ Kxd2 57. g5 Ke3 58. g6 Kf4 59. g7 Rb6+ 60. Kf7 Rb7+ 61. Kg6 Rxb2 62. g8=Q Rg2+ 63. Kh7 Rxg8 64. Kxg8 1/2-1/2

[Event "Allsvenskan Div II 5 2022/2023: Molndals SK - Ostra Skaraborgsalliansen"]
[Site "Schackcentrum, Vegatan 20, Gothenburg, Sweden"]
[Date "2023.02.05"]
[Round "1.2"]
[White "Nilsson, Jorgen"]
[Black "Gustavsson, Ingemar"]
[Result "0-1"]
[TimeControl "90 minutes for 40 moves + 30 minutes for the rest of the game + 30 seconds per move from move one."]
[WhiteFideId "1723812"]
[BlackFideId "1723340"]
[WhiteElo "2082"]
[BlackElo "1902"]

1. e4 e5 2. Nf3 Nc6 3. Bb5 a6 4. Ba4 Nf6 5. O-O Nxe4 6. d4 b5 7. Bb3 d5 8. dxe5 Be6 9. c3 Bc5 10.
Nbd2 O-O 11. Bc2 Nxf2 12. Rxf2 f6 13. Nb3 Bxf2+ 14. Kxf2 fxe5 15. Nc5 Bg4 16. Bb3 Ne7 17. Bg5 c6 18.
Qe2 h6 19. Bh4 g5 20. h3 Bxf3 21. gxf3 Qb6 22. Kg2 Qxc5 23. Bg3 Rae8 24. h4 Nf5 25. Bf2 Nxh4+ 26. Bxh4 gxh4 27. Kh2 e4 28.
Rg1+ Kh8 29. Qd2 Qd6+ 0-1

[Event "Allsvenskan Div II 5 2022/2023: Molndals SK - Ostra Skaraborgsalliansen"]
[Site "Schackcentrum, Vegatan 20, Gothenburg, Sweden"]
[Date "2023.02.05"]
[Round "1.3"]
[White "Wiman, Kenneth"]
[Black "Teiffel, Henrik"]
[Result "1-0"]
[TimeControl "90 minutes for 40 moves + 30 minutes for the rest of the game + 30 seconds per move from move one."]
[WhiteFideId "1707442"]
[BlackFideId "1723820"]
[WhiteElo "1879"]
[BlackElo "1886"]

1. d4 f5 2. Nc3 Nf6 3. e4 fxe4 4. Bg5 g6 5. Bxf6 exf6 6. Nxe4 Bg7 7. Nf3 d5 8. Ned2 O-O 9. Be2 Re8 10.
O-O Be6 11. Bd3 Qd6 12. c3 Nd7 13. Qc2 Bf7 14. Rfe1 a6 15. b4 c6 16. a4 Rxe1+ 17. Rxe1 b5 18. g3 Re8 19. Rxe8+ Bxe8 20.
Nb3 bxa4 21. Nc5 Nxc5 22. bxc5 a5 1-0

[Event "Allsvenskan Div II 5 2022/2023: Molndals SK - Ostra Skaraborgsalliansen"]
[Site "Schackcentrum, Vegatan 20, Gothenburg, Sweden"]
[Date "2023.02.05"]
[Round "1.4"]
[White "Johansson, Mats"]
[Black "Sundqvist, Jan-Ove"]
[Result "1-0"]
[TimeControl "90 minutes for 40 moves + 30 minutes for the rest of the game + 30 seconds per move from move one."]
[WhiteFideId "1722913"]
[BlackFideId "1720414"]
[WhiteElo "1785"]
[BlackElo "1846"]

1. d4 f5 2. Nc3 d5 3. Bg5 g6 4. h4 Bg7 5. e3 c6 6. Be2 Bf6 7. Bxf6 Nxf6 8. h5 Rg8 9. hxg6 hxg6 10.
Rh6 Be6 11. Nh3 Nbd7 12. Ng5 Nf8 13. Nxe6 Nxe6 14. g4 Kd7 15.
Kd2 Qf8 16. Rh2 Rh8 17. Rg2 Qh6 18. Qg1 fxg4 19. Bxg4 Nxg4 20. Rxg4 Raf8 21. Rf1 Rf6 22. Ne2 b6 23. b4 Qh2 24.
Ke1 Qd6 25. a3 a5 26. c3 axb4 27. axb4 Ra8 28. f3 Raf8 29. Qg3 Ng7 30. Qxd6+ Kxd6 31. Nf4 Nf5 32. e4 dxe4 33. fxe4 Ne3 34.
e5+ Kd7 35. exf6 Nxg4 36. fxe7 Rf6 37. Nd3 Re6+ 38. Kd2 Rxe7 39. Rf4 Nh6 40. Ne5+ Ke6 41. Nxg6 Rc7 42. Kd3 c5 43. Re4+ Kd6 44. Ne5 cxb4 45. Nc4+ Kd7 46. Nxb6+ Kd8 47. Nd5 Rg7 48. Nxb4 Nf5 49. Re5 Rg3+ 50.
Ke4 Nd6+ 51. Kd5 1-0

[Event "Allsvenskan Div II 5 2022/2023: Molndals SK - Ostra Skaraborgsalliansen"]
[Site "Schackcentrum, Vegatan 20, Gothenburg, Sweden"]
[Date "2023.02.05"]
[Round "1.5"]
[White "Jamtbo, Patrik"]
[Black "Thornberg, Bo"]
[Result "1-0"]
[TimeControl "90 minutes for 40 moves + 30 minutes for the rest of the game + 30 seconds per move from move one."]
[WhiteFideId "1718339"]
[BlackFideId "1724665"]
[WhiteElo "1694"]
[BlackElo "1749"]

1. Nf3 f5 2. c4 Nf6 3. Nc3 e6 4. a3 c5 5. d3 b6 6. g3 Bb7 7. Bg2 Nc6 8. O-O Be7 9. Re1 O-O 10.
b3 h6 11. h4 d5 12. cxd5 exd5 13. d4 Ne4 14. Bb2 Bf6 15. e3 Rc8 16. Rc1 Ne7 17. dxc5 Bxc3 18. Bxc3 bxc5 19. Bb2 Qb6 20.
Ne5 Rfd8 21. b4 c4 22. Bd4 Qa6 23. a4 Qd6 24. b5 a6 25. Re2 axb5 26. axb5 Ra8 27. Qe1 Ra3 28. f3 Nf6 29.
Rb1 Rda8 30. Qb4 Qe6 31. Kf2 R3a4 32.
Qd2 Nd7 33. Nxd7 Qxd7 34. Bc3 Kh7 35. Qd4 Ng8 36. e4 fxe4 37. fxe4 Nf6 38. Kg1 Qg4 39. Rbe1 dxe4 40. Re3 Bd5 41.
b6 Rb8 42. Qc5 Qf5 43. Bxf6 Ra2 44. Rf1 1-0

[Event "Allsvenskan Div II 5 2022/2023: Molndals SK - Ostra Skaraborgsalliansen"]
[Site "Schackcentrum, Vegatan 20, Gothenburg, Sweden"]
[Date "2023.02.05"]
[Round "1.6"]
[White "Torell, Torsten"]
[Black "Thornqvist, Christer"]
[Result "1-0"]
[TimeControl "90 minutes for 40 moves + 30 minutes for the rest of the game + 30 seconds per move from move one."]
[WhiteFideId "1723839"]
[BlackFideId "1732250"]
[WhiteElo "1710"]
[BlackElo "1799"]

1. e4 c5 2. Nf3 Nc6 3. d4 cxd4 4. Nxd4 g6 5. c4 Nf6 6. Nc3 d6 7. Be2 Bg7 8. Be3 Ng4 9. Bxg4 Bxg4 10.
Nxc6 Bxd1 11. Nxd8 Bg4 12. Nxb7 Rb8 13. Na5 Rxb2 14. Bd2 Rc2 15. f3 Be6 16. Rb1 Bxc3 17. Bxc3 Rxc3 18. Kd2 Ra3 19.
Rb8+ Kd7 20. Rxh8 Rxa2+ 21. Kd3 Rxa5 22. Rxh7 Ra3+ 23. Kd4 Ra2 24. Rg1 Rc2 25. Ra1 Rxc4+ 26. Ke3 Rc3+ 27. Kd2 Rc7 28.
g4 g5 29. h4 gxh4 30. Rxh4 Bc4 31. f4 e5 32. f5 d5 33. exd5 Bxd5 34. g5 Ke7 35. Kd3 Rd7 36. Ke3 Rb7 37.
Ra3 a5 38. Rh7 Rb1 39. Rxa5 Rb3+ 40. Kd2 Kd6 41. Rh6+ 1-0

[Event "Allsvenskan Div II 5 2022/2023: Molndals SK - Ostra Skaraborgsalliansen"]
[Site "Schackcentrum, Vegatan 20, Gothenburg, Sweden"]
[Date "2023.02.05"]
[Round "1.7"]
[White "Kringlund, Karl"]
[Black "Johansson, Filip"]
[Result "0-1"]
[TimeControl "90 minutes for 40 moves + 30 minutes for the rest of the game + 30 seconds per move from move one."]
[WhiteFideId "1769235"]
[BlackFideId "1714090"]
[WhiteElo "1235"]
[BlackElo "1620"]

1. d4 d5 2. c4 e6 3. Nf3 c6 4. e3 Nf6 5. Nc3 Bd6 6. Bd3 Nbd7 7. O-O O-O 8. b3 e5 9. dxe5 Nxe5 10.
Nxe5 Bxe5 11. Qc2 Bxh2+ 12. Kh1 Be5 13. g3 Qd7 14. Bf5 Qxf5 15. Qxf5 Bxf5 16. Bd2 Ne4 0-1

[Event "Allsvenskan Div II 5 2022/2023: Molndals SK - Ostra Skaraborgsalliansen"]
[Site "Schackcentrum, Vegatan 20, Gothenburg, Sweden"]
[Date "2023.02.05"]
[Round "1.8"]
[White "Hallqvist, Niklas"]
[Black "Ryefalk, Lucas"]
[Result "0-1"]
[TimeControl "90 minutes for 40 moves + 30 minutes for the rest of the game + 30 seconds per move from move one."]
[WhiteFideId "1723863"]
[BlackFideId "1769243"]
[WhiteElo "1544"]
[BlackElo "1518"]

1. c4 Nf6 2. g3 g6 3. Bg2 Bg7 4. Nc3 O-O 5. Nf3 d5 6. cxd5 Nxd5 7. O-O c6 8. d4 Re8 9. Qb3 Nxc3 10.
bxc3 Nd7 11. e4 e5 12. Bg5 Qc7 13. Rfe1 b6 14. h4 h6 15. Be3 Bb7 16. Bh3 exd4 17. Bxd7 Qxd7 18. Rad1 c5 19.
cxd4 Bxe4 20. dxc5 Qb7 21. Nd2 Bh1 22. f3 Bxf3 23. Nxf3 Qxf3 24. Rf1 Qxg3+ 25. Kh1 Rxe3 26. Qxf7+ Kh7 27.
Rf2 Rf8 28. Rg1 Qh3+ 29. Rh2 Qxh2+ 0-1